 Dungeon Crawl Stone Soup version 0.26-a0-520-g952f204493 (webtiles) character file.

Game seed: 15763160618919442161

161 ANON1729 the Grave Robber (level 5, -4/35 HPs)
             Began as a Demonspawn Necromancer on Aug 12, 2020.
             Killed from afar by an orc wizard (6 damage)
             ... with a puff of frost
             ... on level 3 of the Dungeon.
             The game lasted 00:04:05 (2350 turns).

ANON1729 the Grave Robber (Demonspawn Necromancer)  Turns: 2350, Time: 00:04:06

Health: -4/35      AC:  4    Str:  8    XL:     5   Next: 18%
Magic:  0/9        EV: 13    Int: 18    God:
Gold:   91         SH:  0    Dex: 13    Spells: 5/10 levels left

rFire    . . .     SeeInvis .   (no weapon)
rCold    . . .     Faith    .   (no shield)
rNeg     . . .     Spirit   .   a - +0 robe
rPois    .         Reflect  .   (no helmet)
rElec    .         Harm     .   (no cloak)
rCorr    .                      (no gloves)
MR       .....                  (no boots)
Stlth    ++........             (no amulet)
HPRegen  0.11/turn              (no ring)
MPRegen  0.11/turn              (no ring)

@: no status effects
A: hooves 1, slimy green scales 1, demonic guardian 1
a: no special abilities


You were on level 3 of the Dungeon.
You visited 1 branch of the dungeon, and saw 3 of its levels.

You collected 91 gold pieces.

Inventory:

Armour
 a - a +0 robe (worn)
Jewellery
 c - an uncursed ring of poison resistance {unknown}
 e - an uncursed ring of wizardry {unknown}
Wands
 o - a wand of digging (3)
Scrolls
 h - a scroll of remove curse {unknown}
 i - a scroll of amnesia {unknown}
 j - 2 scrolls of identify {unknown}
 m - a scroll of magic mapping {unknown}
Potions
 b - a potion of brilliance {unknown}
 d - 2 potions of haste {unknown}
 f - a potion of curing {unknown}
 g - 2 potions of might {unknown}
 k - 2 potions of degeneration {unknown}
 l - a potion of heal wounds {unknown}
 n - 3 potions of lignification {unknown}


   Skills:
 + Level 2.5 Dodging
 + Level 2.6 Stealth
 * Level 3.2 Spellcasting
 * Level 5.5 Necromancy


You had 5 spell levels left.
You knew the following spells:

 Your Spells              Type           Power        Failure   Level
a - Pain                  Necr           ###.         1%          1
b - Animate Skeleton      Necr           ###...       1%          1
c - Vampiric Draining     Necr           ###.......   4%          3

Your spell library contained the following spells:

 Spells                   Type           Power        Failure   Level
 Animate Dead             Necr           ###.......   17%         4
 Agony                    Necr           ###.....     43%         5


Dungeon Overview and Level Annotations

Branches:
Dungeon (3/15)

Altars:


Innate Abilities, Weirdness & Mutations

You have large cloven feet.
You are partially covered in slimy green scales. (AC +2)
A weak demonic guardian rushes to your aid.


Message History

The orc priest hits your ufetubus with a +0 trident.
The orc wizard barely misses you.
Casting: Pain (safe; 1% risk of failure)
Confirm with . or Enter, or press ? or * to list all spells.
Aiming: Pain (safe; 1% risk of failure)
Press: ? - help, Shift-Dir - straight line, f/p - orc wizard
Aim: an orc wizard, wielding a +0 dagger and wearing a +0 robe (almost dead, fast, chance to defeat MR: 81%)
The orc wizard writhes in agony.
The orc wizard barely misses you.
Your ufetubus closely misses the orc priest.
Your ufetubus hits the orc priest.
The orc priest barely misses your ufetubus.
Your ufetubus hits the orc priest. x2
The orc priest hits your ufetubus with a +0 trident.
Your ufetubus dies!
The orc wizard barely misses you.
An orc comes into view. It is wielding a +0 hand axe.
The orc shouts!
The orc wizard points at you and mumbles some strange words.
The puff of frost hits you.
You die...

#.. #.# #.#
#.# #.# ###
#.# #..
#.##.# #<#.#
. #@.# ..#
#.## ....##
#o#
....g.##.#
.....#.#.#
.......o.#
..#..#)o##
....[....†..#
.##.#.#.###.#


You could see an orc priest, an orc wizard (fast) and an orc.

Vanquished Creatures
  A bullfrog (D:2)
  Jessica (D:2)
  4 dart slugs
  A leopard gecko (D:2)
  4 orcs
  A ball python (D:2)
  9 bats
  2 giant cockroaches (D:2)
  5 goblins
  9 hobgoblins
  3 jackals (D:2)
  4 kobolds
  2 quokkas (D:2)
  A frilled lizard (D:1)
  A rat (D:1)
48 creatures vanquished.

Notes
Turn   | Place    | Note
-------+----------+-------------------------------------------
     0 | D:1      | ANON1729 the Demonspawn Necromancer began the quest for the
                  | Orb.
     0 | D:1      | Reached XP level 1. HP: 13/13 MP: 3/3
   474 | D:1      | Gained mutation: You are partially covered in slimy green
                  | scales. (AC +2) [demonic ancestry]
   474 | D:1      | Reached XP level 2. HP: 11/19 MP: 0/5
  1193 | D:1      | Reached XP level 3. HP: 17/24 MP: 0/6
  1344 | D:1      | Learned a level 1 spell: Animate Skeleton
  1348 | D:1      | Learned a level 3 spell: Vampiric Draining
  1363 | D:2      | Noticed a bullfrog
  1371 | D:2      | Killed a bullfrog
  1371 | D:2      | Reached skill level 5 in Necromancy
  1371 | D:2      | Gained mutation: A weak demonic guardian rushes to your
                  | aid. [demonic ancestry]
  1371 | D:2      | Reached XP level 4. HP: 25/30 MP: 1/8
  1897 | D:2      | Noticed Jessica
  1900 | D:2      | Killed Jessica
  1902 | D:2      | Gained mutation: You have large cloven feet. [demonic
                  | ancestry]
  1902 | D:2      | Reached XP level 5. HP: 31/35 MP: 3/9
  2350 | D:3      | Killed from afar by an orc wizard

Illustrated notes

Levels and vault maps discovered:
D:1:      nicolae_arrival_memento_mori, layout_basic, solitary_fountain
D:2:      layout_basic, uniq_jessica
D:3:      gammafunk_steamed_eel, layout_loops_ring, gammafunk_ghost_grave,
          st_stairs_7, minmay_misc_feat_nine_boxes, uniq_sigmund, uniq_ijyb

Skill      XL: |  1  2  3  4 |
---------------+-------------+-----
Stealth        | 2 |  2.6
Dodging        | 2 |  2.5
Necromancy     | 5 |  5.5
Spellcasting   | 3 |  3.2

Action                   |  1- 3 |  4- 6 || total
-------------------------+-------+-------++-------
Melee: Unarmed           |    53 |    15 ||    68
       Kick              |       |     5 ||     5
 Cast: Pain              |    41 |    53 ||    94
 Stab: Sleeping          |     1 |       ||     1
Armor: Robe              |    19 |     7 ||    26
Dodge: Dodged            |    50 |    20 ||    70

Table legend: (Time is in decaauts)
 A = Elapsed time spent in this place.
 B = Non-inter-level travel time spent in this place.
 C = Inter-level travel time spent in this place.
 D = Time resting spent in this place.
 E = Time spent auto-exploring this place.
 F = Levels seen in this place.
 G = Mean time per level.
                   A        B        C        D        E       F      G
               +--------+--------+--------+--------+--------+-----+--------+
         Total |   2349 |   2310 |     39 |   1185 |    795 |   3 |  783.0 |
       Dungeon |   2349 |   2310 |     39 |   1185 |    795 |   3 |  783.0 |
               +--------+--------+--------+--------+--------+-----+--------+

Top non-repeatable levels by time:
     D:1: 1361 daAuts
     D:2: 924 daAuts
     D:3: 63 daAuts
